 Dungeon Crawl Stone Soup version 0.18-a0-1643-gb89d9db (webtiles) character file.

15312 Oddball22 the Martial Artist (level 12, -10/97 HPs)
             Began as a Demonspawn Monk on Mar 28, 2016.
             Was an Elder of Ru.
             Mangled by a freezing wraith (30 damage)
             ... led by a death knight
             ... on level 12 of the Dungeon.
             The game lasted 00:41:28 (11921 turns).

Oddball22 the Martial Artist (Demonspawn Monk)     Turns: 11921, Time: 00:41:29

Health: -10/97     AC: 13    Str: 15    XL:     12   Next: 0%
Magic:  12/12      EV: 18    Int: 12    God:    Ru [****..]
Gold:   770        SH:  0    Dex: 17    Spells: 0 memorised, 11 levels left

rFire  + . .     SeeInvis .       - Unarmed
rCold  x . .     Gourm    .     c - +2 robe {MR+}
rNeg   . . .     Faith    .     (no shield)
rPois  .         Spirit   .     (helmet restricted)
rElec  .         Dismiss  .     E - +1 cloak
rCorr  .         Reflect  .     B - +0 pair of gloves
SustAt .         Harm     .     f - +0 pair of boots
MR     +++..     NoTele   +     H - amulet of regeneration
Stlth  ++........               y - ring "Tameim" {Fire -Tele +Inv +Fly MR++}
                                W - +4 ring of slaying

@: slowed, very slow, extremely resistant to hostile enchantments, unstealthy
A: horns 2, iridescent scales 1, demonic guardian 1, spiny 2, inability to use
devices, no conjurations magic, no fire magic, no necromancy magic
a: Draw Out Power, Power Leap, Renounce Religion


You were on level 12 of the Dungeon.
You worshipped Ru.
Ru was greatly pleased with you.
You were hungry.

You visited 2 branches of the dungeon, and saw 13 of its levels.

You collected 770 gold pieces.

Inventory:

Hand Weapons
 D - a +5 quarterstaff of chaos
 G - a +2 halberd of chopping
 K - a +2 dagger of electrocution
 L - a +0 hand crossbow
Missiles
 O - 18 bolts of frost
 U - 12 bolts
Armour
 c - a +2 robe of magic resistance (worn)
 f - a +0 pair of boots (worn)
 s - a +0 shield
 u - a +0 buckler
 B - a +0 pair of gloves (worn)
 E - a +1 cloak (worn)
 I - a +0 large shield
Jewellery
 o - a +1 ring of evasion
 y - the ring "Tameim" (right hand) {Fire -Tele +Inv +Fly MR++}
   (You found it on level 5 of the Dungeon)

   [ring of fire]

   It enhances your fire magic, and weakens your ice magic.
   It protects you from fire.
   It makes you vulnerable to cold.
   It affects your resistance to hostile enchantments.
   It lets you turn invisible.
   It lets you fly.
   It prevents most forms of teleportation.
 H - an amulet of regeneration (around neck)
 V - an uncursed ring of see invisible
 W - a +4 ring of slaying (left hand)
Scrolls
 a - 2 scrolls of remove curse
 d - 8 scrolls of identify
 e - 3 scrolls of enchant armour
 i - 4 scrolls of magic mapping
 j - 9 scrolls of teleportation
 l - 2 scrolls of enchant weapon
 q - a scroll of amnesia
 r - 3 scrolls of fog
Potions
 h - 2 potions of lignification {unknown}
 k - 3 potions of heal wounds
 m - 2 potions of magic {unknown}
 n - a potion of brilliance
 v - 2 potions of cure mutation {unknown}
 x - a potion of resistance {unknown}
 A - 2 potions of curing {unknown}
 C - a potion of invisibility {unknown}
 N - a potion of berserk rage {unknown}
 Q - a potion of agility
 R - 2 potions of mutation {unknown}
 T - a potion of haste
Comestibles
 b - 9 bread rations
 p - 4 meat rations
 z - 2 slices of pizza
 J - 20 fruits
 P - a royal jelly


   Skills:
 + Level 9.7 Fighting
 - Level 6.0 Armour
 + Level 8.9 Dodging
 - Level 1.7 Stealth
 * Level 12.4 Unarmed Combat


You had 11 spell levels left.
You didn't know any spells.

Dungeon Overview and Level Annotations

Branches:
Dungeon (12/15)            Temple (1/1) D:5            Lair (0/8) D:11
    Orc (0/2) D:10

Altars:
Cheibriados
Fedhas
Gozag
Kikubaaqudgha
Makhleb
Nemelex Xobeh
Okawaru
Pakellas
Qazlal
Ru
Sif Muna
Vehumet
The Shining One


Innate Abilities, Weirdness & Mutations

You have a pair of horns on your head.
You are partially covered in iridescent scales (AC +4).
A weak demonic guardian rushes to your aid.
You are mostly covered in sharp spines.
You cannot study or use magical devices.
You cannot study or cast Conjurations magic.
You cannot study or cast Fire magic.
You cannot study or cast Necromancy magic.


Message History

You headbutt the freezing wraith, but do no damage.
The freezing wraith is lightly damaged.
The freezing wraith is struck by your spines.
The freezing wraith closely misses you. The freezing wraith hits you!
The freezing wraith drains your vigour!
You feel as though you will be slow longer.
You hit the freezing wraith.
The freezing wraith is lightly damaged.
The freezing wraith hits you! The freezing wraith freezes you!!
You feel a terrible chill!
* * * LOW HITPOINT WARNING * * *
The freezing wraith barely misses you.
The freezing wraith is struck by your spines.
The freezing wraith barely misses you. x2
You hit the freezing wraith.
The freezing wraith is moderately damaged.
The freezing wraith hits you.
* * * LOW HITPOINT WARNING * * *
The freezing wraith freezes you!!
You feel a terrible chill!
You die...

####..######
........... #.#..<#..
####.....#.#
#....#.....#
#....#....# ## .
#.........# .# ...
#....##...#####.#.....
#.).......5@W5........
#...)##....######...$.
#..<.####...# ...
#....# ##..# . ######
####


You could see a freezing wraith, a shadow imp and a friendly quasit.

Vanquished Creatures
  Frances (D:12)
  A hydra (D:9)
  Erolcha (D:9)
  An unseen horror (D:10)
  A hill giant (D:11)
  The ghost of SirMumm the Thaumaturge, a novice HEWz (D:7)
  Pikel (D:6)
  Psyche (D:9)
  A kobold demonologist (D:9)
  A freezing wraith (D:12)
  3 trolls
  2 two-headed ogres
  Blork the orc (D:6)
  Sigmund (D:2)
  Eustachio (D:4)
  A shadow (D:11)
  A wyvern (D:11)
  6 yaks (D:11)
  3 hungry ghosts
  A hill giant zombie (D:10)
  A steam dragon (D:10)
  Grum (D:8)
  A hippogriff (D:9)
  Menkaure (D:6)
  Duvessa (D:5)
  2 water moccasins
  4 orc warriors
  2 sky beasts
  2 phantoms
  2 ice beasts
  A black bear (D:9)
  3 wolves (D:8)
  A wasp (D:9)
  An ogre (D:10)
  3 centaurs
  A crocodile (D:9)
  4 big kobolds
  5 giant frogs
  Dowan (D:5)
  A water moccasin zombie (D:5)
  A gnoll sergeant (D:9)
  2 scorpions
  2 troll zombies (D:10)
  12 killer bees
  3 wights (D:7)
  4 howler monkeys
  2 jellies
  7 crimson imps
  A quasit (D:7)
  2 centaur zombies (D:7)
  A centaur skeleton (D:7)
  A gnoll shaman (D:6)
  7 orc priests
  4 hounds
  Crazy Yiuf (D:5)
  A giant frog skeleton (D:10)
  2 iguanas
  14 orc wizards
  5 worker ants
  5 ogre zombies (D:10)
  A worker ant zombie (D:11)
  A howler monkey skeleton (D:4)
  16 adders
  12 gnolls
  A shadow imp (D:11)
  2 adder zombies
  2 oozes
  An adder skeleton (D:8)
  5 worms
  3 dart slugs
  5 giant geckos
  37 orcs
  2 giant cockroaches (D:3)
  A hobgoblin (D:2)
  12 jackals
  A quokka (D:9)
  7 bats
  8 giant newts
  8 goblins
  A goblin zombie (D:10)
  3 hobgoblin skeletons (D:10)
  2 hobgoblin zombies (D:10)
  13 kobolds
  An orc skeleton (D:10)
  14 orc zombies (D:10)
  A quokka skeleton (D:9)
  A quokka zombie (D:5)
  8 rats
314 creatures vanquished.

Vanquished Creatures (collateral kills)
  A manticore (D:10)
  A two-headed ogre (D:9)
  An orc warrior (D:9)
  An ice beast (D:9)
  A killer bee (D:9)
  A gnoll shaman (D:10)
  An orc priest (D:10)
  2 gnolls (D:10)
  A quokka (D:9)
  A hobgoblin zombie (D:10)
  An orc zombie (D:10)
12 creatures vanquished.

Vanquished Creatures (others)
  2 slaves (D:6)
  A gnoll (D:6)
  A hobgoblin zombie (D:10)
  A kobold (D:10)
  An orc zombie (D:10)
  A fungus (D:5)
7 creatures vanquished.

Grand Total: 333 creatures vanquished

Notes
Turn   | Place    | Note
--------------------------------------------------------------
     0 | D:1      | Oddball22 the Demonspawn Monk began the quest for the Orb.
     0 | D:1      | Reached XP level 1. HP: 18/18 MP: 1/1
   106 | D:1      | Gained mutation: You have a pair of small horns on your head. [demonic ancestry]
   106 | D:1      | Reached XP level 2. HP: 16/24 MP: 2/2
   273 | D:1      | Found a sparkling altar of Nemelex Xobeh.
   404 | D:1      | Reached skill level 4 in Unarmed Combat
   963 | D:2      | Noticed Sigmund
   980 | D:2      | Killed Sigmund
   980 | D:2      | Reached skill level 5 in Unarmed Combat
   980 | D:2      | Reached XP level 3. HP: 7/30 MP: 3/3
   980 | D:2      | Reached XP level 4. HP: 8/37 MP: 4/4
   980 | D:2      | Gained mutation: You are partially covered in sharp spines. [demonic ancestry]
   980 | D:2      | Reached XP level 5. HP: 9/42 MP: 5/5
  1288 | D:2      | Found a snail-covered altar of Cheibriados.
  2609 | D:3      | Found an ancient bone altar of Kikubaaqudgha.
  2609 | D:3      | Found an opulent altar of Gozag.
  2818 | D:4      | Gained mutation: You are mostly covered in sharp spines. [demonic ancestry]
  2818 | D:4      | Reached XP level 6. HP: 48/48 MP: 6/6
  3182 | D:4      | Noticed Eustachio
  3214 | D:4      | Killed Eustachio
  3214 | D:4      | Reached skill level 1 in Armour
  3214 | D:4      | Reached skill level 6 in Unarmed Combat
  3394 | D:5      | Entered Level 5 of the Dungeon
  3412 | D:5      | Reached XP level 7. HP: 46/55 MP: 7/7
  3446 | D:5      | Got a coiled bone ring
  3490 | D:5      | Identified the ring "Tameim" {Fire -Tele +Inv +Fly MR++} (You found it on level 5 of the Dungeon)
  3550 | D:5      | Found a staircase to the Ecumenical Temple.
  3571 | Temple   | Entered the Ecumenical Temple
  3575 | Temple   | Became a worshipper of Ru the Awakened
  3820 | D:5      | Noticed Duvessa
  3820 | D:5      | Noticed Dowan
  3827 | D:5      | Killed Duvessa
  3827 | D:5      | Reached skill level 5 in Fighting
  3835 | D:5      | Killed Dowan
  3923 | D:5      | Reached skill level 7 in Unarmed Combat
  3923 | D:5      | Reached XP level 8. HP: 45/62 MP: 8/8
  4124 | D:5      | Noticed Crazy Yiuf
  4132 | D:5      | Killed Crazy Yiuf
  4413 | D:6      | Noticed Menkaure
  4413 | D:6      | Noticed Blork the orc
  4415 | D:6      | Noticed Pikel
  4651 | D:6      | Found an iron altar of Okawaru.
  4656 | D:6      | Found a stormy altar of Qazlal.
  4696 | D:6      | Killed Pikel
  4696 | D:6      | Reached skill level 5 in Dodging
  4831 | D:6      | Killed Menkaure
  4916 | D:6      | Killed Blork the orc
  4943 | D:6      | Reached skill level 8 in Unarmed Combat
  4982 | D:6      | Found a burning altar of Makhleb.
  4983 | D:6      | Found a glowing golden altar of the Shining One.
  5007 | D:5      | Gained mutation: You are partially covered in iridescent scales (AC +4). [demonic ancestry]
  5007 | D:5      | Reached XP level 9. HP: 59/69 MP: 9/9
  5670 | D:7      | Noticed SirMumm's ghost (novice HEWz)
  5681 | D:7      | Noticed a troll
  5736 | D:6      | Killed a troll
  6217 | D:7      | Gained mutation: You cannot study or use magical devices. [Ru sacrifice]
  6217 | D:7      | Reached * piety under Ru
  6217 | D:7      | Reached ** piety under Ru
  6217 | D:7      | Reached *** piety under Ru
  6260 | D:7      | Reached skill level 9 in Unarmed Combat
  6704 | D:7      | Killed SirMumm's ghost
  6704 | D:7      | Reached skill level 5 in Armour
  6966 | D:8      | Noticed Grum
  6973 | D:8      | Gained mutation: A weak demonic guardian rushes to your aid. [demonic ancestry]
  6973 | D:8      | Reached XP level 10. HP: 79/79 MP: 10/10
  6983 | D:8      | Killed Grum
  7507 | D:8      | Found a blossoming altar of Fedhas.
  7725 | D:8      | Reached skill level 10 in Unarmed Combat
  8058 | D:9      | Noticed Erolcha
  8077 | D:9      | Killed Erolcha
  8206 | D:9      | Noticed a four-headed hydra
  8250 | D:9      | Gained mutation: You cannot study or cast Fire magic. [Ru sacrifice]
  8250 | D:9      | Gained mutation: You cannot study or cast Necromancy magic. [Ru sacrifice]
  8250 | D:9      | Gained mutation: You cannot study or cast Conjurations magic. [Ru sacrifice]
  8250 | D:9      | Reached **** piety under Ru
  8964 | D:9      | Noticed Psyche
  8971 | D:9      | Killed Psyche
  9019 | D:9      | Reached XP level 11. HP: 66/86 MP: 11/11
  9104 | D:9      | Found a glowing golden altar of the Shining One.
  9468 | D:9      | Killed a four-headed hydra
  9468 | D:9      | Reached skill level 11 in Unarmed Combat
  9795 | D:10     | Entered Level 10 of the Dungeon
  9816 | D:10     | Noticed an unseen horror
  9819 | D:10     | Killed an unseen horror
 10209 | D:10     | Found a staircase to the Orcish Mines.
 11324 | D:11     | Noticed a hill giant
 11330 | D:11     | Killed a hill giant
 11330 | D:11     | Reached skill level 12 in Unarmed Combat
 11503 | D:11     | Found a staircase to the Lair.
 11782 | D:12     | Noticed Frances
 11798 | D:12     | Killed Frances
 11918 | D:12     | Gained mutation: You have a pair of horns on your head. [demonic ancestry]
 11918 | D:12     | Reached XP level 12. HP: 59/97 MP: 12/12
 11921 | D:12     | Mangled by a freezing wraith

Vault maps used:
D:1:      lightli_arrival_lavapool, nemelex_altar_shiori
D:2:      mumra_celtic_spiral_tile, cheibriados_altar_1, uniq_sigmund
D:3:      amethyst_overflow_temple_binary, first_bread, minmay_misc_feat_alley,
          kennysheep_generic_room_5
D:4:      uniq_eustachio
D:5:      kennysheep_generic_room_13, uniq_duvessa, uniq_crazy_yiuf_cottage
D:6:      nicolae_overflow_hidden_temple, uniq_pikel, uniq_menkaure,
          uniq_blork_the_orc
D:8:      hangedman_tree_tricks, uniq_grum
D:9:      nicolae_tso_carved_into_rock, uniq_psyche, uniq_erolcha
D:10:     zombieorc2_lemuel
D:11:     dpeg_oklobed_lair, hangedman_abyss_or_decor_jellyfish_corner
D:12:     uniq_sonja, uniq_urug, uniq_nessos, uniq_frances
Temple:   zaba_magenta_temple_12

Skill      XL: |  1  2  3  4  5  6  7  8  9 10 11 |
---------------+----------------------------------+-----
Unarmed Combat | 5 6 7 8 9 10 12 | 12.4
Dodging        | 3 4 5 6 7 8 |  8.9
Fighting       | 4 5 6 7 8 9 |  9.7
Armour         | 1 2 3 5 6 |  6.0
Stealth        | |  1.7

Action                   |  1- 3 |  4- 6 |  7- 9 | 10-12 || total
-------------------------+-------+-------+-------+-------++-------
Melee: Unarmed           |    70 |    99 |   223 |   178 ||   570
       Dagger            |       |       |       |   152 ||   152
       Quarterstaff      |       |       |       |    97 ||    97
Invok: Reject Sacrifices |       |       |     1 |     1 ||     2
       Sacrifice Artific |       |       |     1 |       ||     1
       Sacrifice Arcana  |       |       |       |     1 ||     1
Evoke: Wand              |       |       |     1 |       ||     1
  Use: Potion            |     2 |       |       |     2 ||     4
       Scroll            |       |       |     1 |    13 ||    14
 Stab: Sleeping          |     1 |     7 |     2 |       ||    10
       Distracted        |     1 |     1 |     1 |     4 ||     7
       Invisible         |       |       |       |     4 ||     4
       Paralysed         |       |       |       |     2 ||     2
  Eat: Chunk             |       |     8 |    12 |    15 ||    35
       Beef jerky        |       |       |       |     1 ||     1
